 Dungeon Crawl Stone Soup version 0.32-a0-893-gf85d74f360 (webtiles) character file.

Game seed: 9161286621517156687

280 snarfax the Chopper (level 6, -2/66 HPs)
             Began as an Octopode Berserker on Apr 3, 2024.
             Was a Priest of Trog.
             Slain by Pikel
             ... wielding a +0 whip of freezing
              (9 damage)
             ... on level 4 of the Dungeon.
             The game lasted 00:06:28 (3234 turns).

snarfax the Chopper (Octopode Berserker)            Turns: 3234, Time: 00:06:29

Health: -2/66      AC:  1    Str: 19    XL:     6   Next: 27%
Magic:  6/6        EV: 12    Int:  9    God:    Trog [***...]
Gold:   159        SH:  3    Dex: 11    Spells: 5/5 levels left

rFire   . . .        h - +0 war axe
rCold   . . .        i - +0 buckler
rNeg    . . .        (helmet restricted)
rPois   .            (no amulet)
rElec   .            (no ring)
rCorr   .            (no ring)
SInv    .            (no ring)
Will    ++...        (no ring) Stlth
                     (no ring)
HPRegen 1.31/turn    (no ring)
MPRegen 0.10/turn    (no ring)
                     (no ring)

%: no passive effects
@: berserking (expiring), strong-willed, regenerating, very quick
A: almost no armour, amphibious, 8 rings, camouflage 1, gelatinous body 1,
(nimble swimmer 1), tentacles
a: Renounce Religion, Berserk, Trog's Hand


You were on level 4 of the Dungeon.
You worshipped Trog.
Trog was most pleased with you.
You visited 1 branch of the dungeon, and saw 4 of its levels.

You collected 159 gold pieces.

Inventory:

Hand Weapons
 a - a +1 hand axe
 h - a +0 war axe (weapon)
Missiles
 k - 4 poisoned darts
Armour
 i - a +0 buckler (worn)
Jewellery
 e - a ring of magical power
Scrolls
 c - a scroll of torment
 n - a scroll of teleportation
Potions
 b - a potion of enlightenment {unknown}
 d - 3 potions of resistance
 f - a potion of brilliance {unknown}
 g - 2 potions of might (quivered)
 m - 2 potions of haste


   Skills:
 + Level 4.4 Fighting
 * Level 4.9 Axes
 + Level 4.3 Dodging
 + Level 0.0 Shields


You had 5 spell levels left.
You didn't know any spells.
Your spell library was empty.

Dungeon Overview and Level Annotations

Branches:
Dungeon (4/15)
 Temple: D:4-7

Altars:
Uskayaw

Annotations:
D:4 Pikel


Innate Abilities, Weirdness & Mutations

You cannot wear most types of armour.
You are amphibious.
You can wear up to eight rings at the same time.
Your skin changes colour to match your surroundings (Stealth+).
Your rubbery body absorbs attacks. (AC +1, EV +1)
((You are camouflaged when in or above water. (Stealth+)))
You have tentacles for arms and can constrict up to eight enemies at once.


Message History

You feel strong-willed.
You constrict the lemure. The lemure completely misses you.
A red film seems to cover your vision as you go berserk!
You feel yourself moving faster!
You feel mighty!
You constrict the lemure. The lemure hits you.
You completely miss the lemure.
The lemure is moderately wounded.
You constrict the lemure. The lemure hits you!
* * * LOW HITPOINT WARNING * * *
You slice the lemure!! You squeeze the lemure.
You kill the lemure!
That felt strangely unrewarding.
You closely miss the lemure. You grab the lemure. You squeeze the lemure.
The lemure is lightly wounded.
You constrict the lemure. The lemure hits you.
* * * LOW HITPOINT WARNING * * *
You slash the lemure!
The lemure is heavily wounded.
You constrict the lemure. The lemure closely misses you.
You slice the lemure!!
You kill the lemure!
That felt strangely unrewarding.
You closely miss the kobold. You grab the kobold. You constrict the kobold.
You feel the power of Trog in you as your rage grows.
You kill the kobold!
Trog accepts your kill.
You barely miss Pikel. You grab Pikel. You constrict Pikel, but do no damage.
Pikel hits you with a +0 whip of freezing!
* * * LOW HITPOINT WARNING * * *
Pikel freezes you.
* * * LOW HITPOINT WARNING * * *
You hit Pikel.
Pikel is lightly wounded.
You constrict Pikel. Pikel barely misses you.
You hit Pikel but do no damage.
Pikel is moderately wounded.
You constrict Pikel.
Pikel hits you with a +0 whip of freezing!
You die...
Pikel says, "See you in Hell!"

♣...)♣♣ ♣♣..♣ ♣...♣♣..♣
♣♣♣♣..♣♣ ♣.♣♣ ♣.♣♣ ♣....♣♣
..♣ ♣♣.♣♣ ♣♣♣...♣ ♣♣♣♣ ♣♣♣
♣♣.♣ ♣...♣♣♣... ♣..♣♣
♣♣......♣♣ ♣♣..♣♣♣
♣♣♣♣♣♣♣♣♣ ♣♣...♣ ♣♣♣@♣ ####
#########K################
....
.........5................
####
###..#..........#+###....
#...........S.......... ..
...........................
...
..>....#.#.....###.........
..
.......#.#$................
.
.......#.#<..#.########....


You could see Pikel and a lemure.

Vanquished Creatures
  3 lemures
  A bombardier beetle (D:4)
  A jelly (D:4)
  A hound (D:2)
  Crazy Yiuf (D:2)
  Terence (D:3)
  Robin (D:2)
  2 adders (D:2)
  4 ribbon worms
  2 dart slugs
  2 orcs
  7 ball pythons
  6 bats
  5 endoplasms
  3 giant cockroaches
  12 goblins
  15 hobgoblins
  4 jackals
  A quokka (D:1)
  3 frilled lizards (D:2)
  10 kobolds
  2 rats
87 creatures vanquished.

Notes
Turn   | Place    | Note
-------+----------+-------------------------------------------
     0 | D:1      | snarfax the Octopode Berserker began the quest for the Orb.
     0 | D:1      | Reached XP level 1. HP: 16/16 MP: 1/1
   121 | D:1      | Reached XP level 2. HP: 21/21 MP: 2/2
   549 | D:1      | Reached ** piety under Trog
   558 | D:1      | Reached XP level 3. HP: 26/26 MP: 3/3
  1023 | D:2      | Found a faded altar of an unknown god.
  1177 | D:2      | Noticed Robin
  1185 | D:2      | Killed Robin
  1186 | D:2      | Reached XP level 4. HP: 21/33 MP: 4/4
  1510 | D:2      | Found a runed translucent door.
  1511 | D:2      | Noticed Crazy Yiuf
  1517 | D:2      | Killed Crazy Yiuf
  1556 | D:2      | Reached XP level 5. HP: 37/37 MP: 5/5
  1909 | D:3      | Reached *** piety under Trog
  2050 | D:3      | Noticed Terence
  2058 | D:3      | Killed Terence
  2085 | D:3      | Found a hide-covered altar of Uskayaw.
  2465 | D:4      | Noticed a lemure
  2465 | D:4      | Noticed a lemure
  2465 | D:4      | Noticed a lemure
  2466 | D:4      | Noticed Pikel
  2468 | D:4      | Noticed an ogre
  2479 | D:3      | Killed a lemure
  2787 | D:4      | Reached XP level 6. HP: 27/44 MP: 6/6
  3213 | D:4      | Paralysed by Pikel for 5 turns
  3234 | D:4      | Slain by Pikel

Illustrated notes

Levels and vault maps discovered:
D:1:      dpeg_arrival_round_b, layout_basic, kennysheep_crisscross,
          serial_bayou_pond_e
D:2:      layout_loops_ring, dreamdust_ecumenical_altar_statues,
          uniq_crazy_yiuf_cottage, uniq_robin
D:3:      layout_basic, general_overflow_altar, minmay_ruptured, uniq_terence
D:4:      kb_forest_paths, layout_basic, grunt_ministairs_4,
          kennysheep_generic_room_14, uniq_natasha, uniq_pikel

Skill      XL: |  1  2  3  4  5 |
---------------+----------------+-----
Fighting       | 4 |  4.4
Axes           | 4 |  4.9
Dodging        | 4 |  4.3

Action                     |  1- 3 |  4- 6 || total
---------------------------+-------+-------++-------
  Melee: Hand axe          |    57 |    81 ||   138
         Constrict         |    16 |    24 ||    40
         Tentacles         |    14 |    19 ||    33
         War axe           |       |    16 ||    16
 Invoke: Berserk           |     1 |     1 ||     2
         Trog's Hand       |       |     1 ||     1
    Use: Scroll            |     1 |    11 ||    12
   Stab: Sleeping          |     6 |     3 ||     9
 Armour: Skin              |    24 |    50 ||    74
  Dodge: Dodged            |    30 |    67 ||    97

Table legend: (Time is in decaauts)
 A = Elapsed time spent in this place.
 B = Non-inter-level travel time spent in this place.
 C = Inter-level travel time spent in this place.
 D = Time resting spent in this place.
 E = Time spent auto-exploring this place.
 F = Levels seen in this place.
 G = Mean time per level.
                   A        B        C        D        E       F      G
               +--------+--------+--------+--------+--------+-----+--------+
         Total |   3259 |   3138 |    121 |    286 |   2328 |   4 |  814.8 |
       Dungeon |   3259 |   3138 |    121 |    286 |   2328 |   4 |  814.8 |
               +--------+--------+--------+--------+--------+-----+--------+

Top non-repeatable levels by time:
     D:2: 963 daAuts
     D:1: 937 daAuts
     D:3: 716 daAuts
     D:4: 642 daAuts
